Map: Orbital Shipyard

Players

LtRegBarclay

  • Race: Protoss Protoss
  • League: Silver

LilDicky - Winner!

  • Race: Protoss Protoss
  • League: Diamond

VOD

http://www.twitch.tv/tumescentpie

Description

Time

  • Played on: Dec. 17, 2015, 9:39 p.m.
  • Length: 30:13
Show
View Real Time Build Order
Export as new Build Order

LtRegBarclay Protoss 

Build Orders:  

Get SALT Encoding   

  12  0:01  Probe (Chrono Boost)  
  13  0:12  Probe (Chrono Boost)  
  14  0:20  Pylon  
  14  0:22  Probe (Chrono Boost)  
  15  0:38  Probe (Chrono Boost)  
  15  0:40  Gateway  
  16  0:44  Assimilator  
  16  0:51  Probe (Chrono Boost)  
  17  1:01  Probe (Chrono Boost)  
  17  1:03  Assimilator  
  18  1:12  Probe (Chrono Boost)  
  19  1:22  Probe (Chrono Boost)  
  20  1:28  Zealot  
  22  1:34  Probe (Chrono Boost)  
  23  2:33  Probe (Chrono Boost)  
  22  3:05  Nexus  
  22  3:18  Zealot  
  23  3:30  Pylon  
  20  4:24  Probe (Chrono Boost)  
  21  4:43  Probe (Chrono Boost)  
  22  4:56  Probe (Chrono Boost)  
  23  5:48  Nexus  
  21  6:02  Nexus  
  21  6:26  Pylon  
  21  6:34  Pylon  
  21  6:56  Gateway  
  21  6:59  Gateway x2  
  21  7:01  Probe (Chrono Boost)  
  22  7:02  Gateway  
  22  7:27  Probe (Chrono Boost)  
  21  7:49  Cybernetics Core  
  20  7:53  Zealot x4  
  27  7:59  Nexus  
  17  8:15  Probe (Chrono Boost)  
  13  8:26  Probe (Chrono Boost)  
  14  8:34  Stalker x3  
  14  8:35  Stalker  
  22  8:52  Probe (Chrono Boost)  
  23  8:59  Assimilator  
  23  9:03  Probe (Chrono Boost)  
  24  9:55  Nexus, Pylon x2  
  24  10:07  Pylon  
  24  10:13  Zealot x4  
  32  10:17  Probe (Chrono Boost)  
  33  10:27  Probe (Chrono Boost)  
  34  10:38  Probe (Chrono Boost)  
  34  10:40  Stalker  
  37  10:56  Stalker  
  39  10:59  Probe (Chrono Boost)  
  40  11:09  Probe (Chrono Boost)  
  40  11:10  Probe (Chrono Boost)  
  42  11:28  Probe x2 (Chrono Boost)  
  44  11:36  Stalker  
  46  11:40  Warp Gate  
  46  11:42  Probe (Chrono Boost)  
  46  11:46  Probe (Chrono Boost)  
  48  11:54  Probe (Chrono Boost)  
  49  11:57  Probe (Chrono Boost)  
  50  12:05  Stalker  
  52  12:19  Probe (Chrono Boost)  
  52  12:22  Probe (Chrono Boost)  
  54  12:30  Probe (Chrono Boost)  
  54  12:33  Probe (Chrono Boost)  
  44  12:54  Zealot x2  
  44  12:55  Zealot x2  
  52  13:07  Probe x2 (Chrono Boost)  
  54  13:16  Forge  
  54  13:18  Probe x2 (Chrono Boost)  
  56  13:26  Stalker x2  
  56  13:27  Stalker  
  62  13:56  Pylon  
  62  14:02  Pylon  
  62  14:14  Stalker x4  
  70  14:25  Pylon  
  70  14:30  Photon Cannon  
  70  14:35  Photon Cannon  
  70  14:38  Probe x2 (Chrono Boost)  
  72  14:41  Assimilator  
  72  14:49  Probe x2 (Chrono Boost)  
  74  14:59  Stargate  
  74  15:15  Photon Cannon  
  74  15:17  Photon Cannon  
  74  15:25  Assimilator  
  74  15:27  Probe (Chrono Boost), Assimilator  
  75  15:38  Probe (Chrono Boost), Stargate  
  76  15:48  Probe (Chrono Boost)  
  77  15:59  Stalker, Probe (Chrono Boost)  
  77  16:03  Stalker  
  82  16:09  Probe (Chrono Boost)  
  83  16:13  Zealot  
  85  16:25  Pylon  
  85  16:26  Pylon  
  85  16:27  Pylon  
  85  16:28  Pylon  
  85  16:42  Void Ray  
  89  16:48  Probe (Chrono Boost)  
  89  16:53  Void Ray  
  94  16:59  Probe (Chrono Boost)  
  94  17:00  Zealot x2  
  99  17:02  Zealot x2  
  103  17:09  Probe (Chrono Boost)  
  104  17:20  Probe (Chrono Boost)  
  104  17:22  Nexus  
  105  17:27  Pylon  
  105  17:30  Probe (Chrono Boost)  
  105  17:33  Void Ray  
  110  17:52  Void Ray  
  79  18:59  Pylon  
  79  19:02  Pylon  
  76  19:08  Probe (Chrono Boost)  
  77  19:18  Probe (Chrono Boost)  
  78  19:24  Photon Cannon  
  78  19:29  Probe (Chrono Boost)  
  79  19:31  Photon Cannon  
  79  19:34  Photon Cannon  
  79  19:36  Pylon, Photon Cannon  
  79  19:39  Probe (Chrono Boost)  
  79  19:42  Probe (Chrono Boost)  
  81  19:48  Stalker x2  
  81  19:50  Stalker, Probe (Chrono Boost)  
  88  19:54  Stalker  
  90  20:07  Robotics Facility  
  90  20:14  Photon Cannon  
  90  20:18  Pylon  
  90  20:24  Stalker x2  
  90  20:25  Stalker  
  90  20:26  Stalker  
  98  20:35  Stargate  
  98  20:45  Probe x2 (Chrono Boost)  
  100  20:51  Photon Cannon  
  100  21:12  Pylon  
  100  21:17  Pylon  
  102  21:18  Probe x2 (Chrono Boost)  
  102  21:22  Stalker  
  102  21:23  Stalker  
  102  21:24  Stalker x2  
  110  21:28  Void Ray (Chrono Boost)  
  110  21:31  Observer  
  115  21:36  Probe x2 (Chrono Boost)  
  117  21:49  Assimilator  
  117  21:51  Stalker  
  117  21:52  Stalker, Assimilator  
  121  21:56  Stalker  
  121  21:57  Stalker  
  126  22:01  Observer  
  126  22:09  Void Ray (Chrono Boost)  
  130  22:18  Stalker  
  130  22:19  Stalker  
  134  22:23  Stalker  
  134  22:25  Stalker  
  134  22:28  Immortal (Chrono Boost)  
  142  22:41  Void Ray  
  142  22:44  Stalker  
  142  22:45  Stalker  
  142  22:51  Stalker  
  152  22:56  Stalker  
  158  23:06  Immortal (Chrono Boost)  
  158  23:18  Pylon  
  158  23:21  Pylon  
  158  23:23  Pylon  
  158  23:25  Pylon  
  158  23:27  Pylon  
  158  23:30  Void Ray  
  160  23:44  Immortal (Chrono Boost)  
  160  23:48  Stalker x2  
  166  23:49  Stalker  
  170  23:59  Stalker  
  172  24:10  Void Ray  
Show
View Real Time Build Order
Export as new Build Order

LilDicky Protoss - Winner!

Build Orders:  

Get SALT Encoding   

  12  0:06  Probe (Chrono Boost)  
  13  0:24  Pylon  
  13  0:25  Probe (Chrono Boost)  
  14  0:46  Forge  
  14  0:49  Probe (Chrono Boost)  
  15  0:59  Probe (Chrono Boost)  
  16  1:13  Probe (Chrono Boost), Pylon  
  17  1:33  Probe (Chrono Boost)  
  17  1:42  Pylon  
  17  1:43  Pylon  
  17  1:45  Pylon  
  17  1:49  Pylon  
  17  1:50  Probe (Chrono Boost)  
  18  2:00  Photon Cannon  
  19  2:01  Probe (Chrono Boost)  
  19  2:03  Photon Cannon  
  19  2:12  Probe (Chrono Boost)  
  20  2:22  Probe (Chrono Boost)  
  21  2:33  Probe (Chrono Boost)  
  22  2:41  Pylon  
  22  2:44  Photon Cannon  
  22  2:51  Pylon  
  22  2:53  Pylon  
  22  2:54  Pylon  
  22  2:55  Photon Cannon  
  22  3:13  Photon Cannon  
  22  3:14  Photon Cannon  
  21  3:30  Probe (Chrono Boost)  
  22  4:17  Pylon  
  22  4:23  Nexus  
  22  4:26  Gateway  
  22  4:29  Assimilator  
  22  4:35  Assimilator  
  22  4:44  Pylon  
  22  4:51  Probe (Chrono Boost)  
  23  5:02  Probe (Chrono Boost)  
  24  5:17  Photon Cannon  
  24  5:20  Photon Cannon  
  24  5:22  Photon Cannon  
  24  5:25  Photon Cannon  
  24  5:26  Probe (Chrono Boost)  
  25  5:41  Pylon  
  25  5:53  Pylon  
  25  5:57  Gateway  
  25  6:02  Photon Cannon  
  25  6:05  Pylon  
  25  6:18  Probe (Chrono Boost)  
  26  6:20  Probe (Chrono Boost)  
  27  6:28  Probe (Chrono Boost)  
  27  6:30  Probe (Chrono Boost)  
  27  6:31  Cybernetics Core  
  29  6:37  Pylon  
  29  6:39  Probe (Chrono Boost)  
  30  6:41  Probe (Chrono Boost)  
  30  6:44  Gateway  
  31  6:53  Pylon  
  31  7:01  Gateway  
  31  7:06  Photon Cannon  
  31  7:24  Pylon  
  31  7:50  Nexus  
  31  8:02  Warp Gate (Chrono Boost)  
  31  8:10  Stargate  
  31  8:12  Stargate  
  31  8:14  Stargate  
  31  8:21  Assimilator  
  31  8:25  Assimilator  
  31  8:41  Pylon  
  30  9:00  Mothership Core  
  30  9:02  Pylon  
  32  9:04  Photon Cannon  
  32  9:05  Pylon  
  32  9:09  Pylon, Assimilator  
  32  9:13  Assimilator  
  32  9:20  Probe  
  32  9:21  Probe  
  34  9:26  Void Ray  
  34  9:27  Void Ray x2  
  46  10:07  Pylon  
  46  10:13  Probe  
  46  10:15  Probe  
  46  10:17  Void Ray x2  
  46  10:18  Pylon  
  56  10:24  Probe (Chrono Boost)  
  56  10:27  Probe (Chrono Boost)  
  58  10:30  Probe (Chrono Boost)  
  58  10:31  Photon Cannon  
  59  10:38  Probe (Chrono Boost)  
  59  10:41  Probe (Chrono Boost)  
  60  10:54  Stalker x2  
  60  10:55  Stalker x2  
  68  11:16  Photon Cannon  
  68  11:19  Photon Cannon  
  68  11:21  Photon Cannon  
  68  11:26  Stalker x3  
  68  11:30  Stalker  
  76  11:43  Probe x3 (Chrono Boost)  
  79  11:47  Pylon  
  79  11:54  Probe (Chrono Boost)  
  80  12:06  Pylon  
  80  12:08  Pylon  
  80  12:15  Pylon  
  80  12:18  Photon Cannon  
  80  12:20  Photon Cannon  
  80  12:22  Photon Cannon  
  80  12:25  Pylon  
  80  12:36  Fleet Beacon  
  80  12:52  Void Ray x2  
  80  12:55  Probe (Chrono Boost)  
  89  13:26  Tempest  
  99  13:35  Tempest  
  103  13:46  Photon Cannon  
  103  13:59  Probe (Chrono Boost)  
  103  14:02  Nexus  
  104  14:09  Probe (Chrono Boost)  
  105  14:10  Pylon  
  105  14:19  Tempest  
  105  14:20  Probe (Chrono Boost)  
  110  14:30  Probe (Chrono Boost), Tempest  
  115  14:41  Probe (Chrono Boost), Tempest  
  120  14:51  Probe x3 (Chrono Boost)  
  123  15:01  Probe x2 (Chrono Boost)  
  125  15:17  Twilight Council  
  125  15:19  Probe x3 (Chrono Boost)  
  125  15:20  Probe (Chrono Boost)  
  129  15:52  Tempest x3  
  141  16:02  Protoss Air Weapons Level 1  
  141  16:04  Pylon  
  141  16:07  Cybernetics Core  
  141  16:08  Pylon  
  141  16:11  Dark Shrine  
  141  16:19  Pylon x2  
  141  16:27  Stargate  
  141  16:36  Pylon  
  141  16:37  Stargate  
  141  16:51  Photon Cannon  
  141  16:53  Photon Cannon  
  141  16:55  Photon Cannon  
  141  16:58  Photon Cannon  
  141  16:59  Photon Cannon  
  141  17:00  Photon Cannon  
  141  17:02  Pylon  
  141  17:09  Pylon  
  141  17:16  Tempest x4  
  157  17:28  Photon Cannon  
  156  17:43  Photon Cannon  
  156  17:45  Photon Cannon  
  156  17:46  Photon Cannon  
  156  17:56  Protoss Air Armor Level 1  
  156  17:58  Tempest  
  156  18:01  Nexus  
  156  18:04  Photon Cannon  
  160  18:06  Photon Cannon  
  160  18:07  Pylon  
  160  18:11  Photon Cannon  
  160  18:13  Pylon  
  160  18:21  Dark Templar x2  
  160  18:22  Dark Templar x2  
  160  18:26  Pylon  
  168  18:30  Pylon  
  168  18:35  Pylon  
  167  18:56  Dark Templar  
  169  19:04  Photon Cannon  
  169  19:05  Photon Cannon  
  169  19:07  Photon Cannon  
  169  19:08  Pylon  
  167  19:11  Pylon  
  167  19:13  Pylon  
  167  19:15  Pylon  
  167  19:37  Stargate  
  167  19:38  Stargate  
  167  19:40  Stargate  
  167  19:47  Tempest x2, Photon Cannon  
  167  19:48  Tempest  
  167  19:52  Photon Cannon  
  179  19:53  Photon Cannon, Assimilator x2  
  179  19:56  Photon Cannon x2  
  179  20:12  Photon Cannon  
  179  20:13  Photon Cannon  
  179  20:16  Photon Cannon  
  179  20:17  Photon Cannon  
  171  21:01  Carrier x3  
  171  21:02  Carrier x2  
  193  21:26  Photon Cannon  
  193  21:28  Photon Cannon  
  193  21:29  Photon Cannon  
  193  21:31  Photon Cannon  
  193  21:32  Photon Cannon  
  193  21:33  Pylon  
  193  21:36  Pylon  
  193  21:39  Pylon  
  193  21:40  Photon Cannon  
  193  21:47  Pylon, Photon Cannon  
  193  22:10  Photon Cannon  
  193  22:24  Nexus  
  193  22:26  Assimilator  
  193  22:31  Assimilator  
  193  22:33  Pylon  
  193  22:36  Photon Cannon  
  193  22:58  Zealot  
  193  22:59  Zealot x2  
  199  23:08  Archon x2  
  199  23:10  Assimilator  
  199  23:13  Nexus  
  199  23:17  Assimilator  
  199  23:20  Photon Cannon  
  193  23:40  Dark Templar  
  193  23:41  Dark Templar x3  
  193  23:53  Gateway  
  193  23:54  Gateway  
  193  23:56  Gateway  
  193  23:57  Gateway  
  193  23:59  Gateway  
  193  24:00  Photon Cannon  
  193  24:01  Photon Cannon  
  193  24:04  Photon Cannon  
  193  24:05  Photon Cannon  
  193  24:06  Pylon  
  193  24:09  Pylon  
  171  25:34  Photon Cannon  
  171  25:35  Photon Cannon  
  171  25:37  Photon Cannon  
  171  25:38  Photon Cannon  
  171  25:49  Zealot  
  171  25:50  Zealot x2  
  171  25:54  Nexus  
  171  25:55  Dark Templar x3  
  171  25:56  Dark Templar x3  
Tags
 
Add a new tag
Caveats
  • Supply blocks, unpowered buildings, or Contaminate may cause inaccurate times.
  • Supply counts are checked every 10 seconds.